 Dungeon Crawl Stone Soup version 0.21-a0-641-geef9d7f (webtiles) character file.

163 Megalobster the Magician (level 5, -13/28 HPs)
             Began as a Deep Elf Fire Elementalist on Dec 31, 2017.
             Blown up by Ijyb (19 damage)
             ... with a wand of disintegration (13)
             ... on level 4 of the Dungeon.
             The game lasted 00:12:12 (3254 turns).

Megalobster the Magician (DEFE)                     Turns: 3254, Time: 00:12:13

Health: -13/28     AC:  2    Str:  5    XL:     5   Next: 20%
Magic:  3/13       EV: 13    Int: 21    God:
Gold:   94         SH:  0    Dex: 15    Spells: 2/12 levels left

rFire    + . .     SeeInvis .   g - +0 short sword
rCold    . . .     Gourm    .   (no shield)
rNeg     . . .     Faith    .   a - +0 robe
rPois    .         Spirit   .   (no helmet)
rElec    .         Reflect  .   (no cloak)
rCorr    .         Harm     .   (no gloves)
MR       .....                  (no boots)
Stlth    ++........             (no amulet)
HPRegen  0.09/turn              r - ring of protection from fire
MPRegen  0.13/turn              (no ring)

@: very slightly contaminated
A: no striking features
a: no special abilities


You were on level 4 of the Dungeon.
You were not hungry.

You visited 1 branch of the dungeon, and saw 4 of its levels.

You collected 94 gold pieces.

Inventory:

Hand Weapons
 g - a +0 short sword (weapon)
Armour
 a - a +0 robe (worn)
Jewellery
 m - an uncursed amulet of faith
 r - a ring of protection from fire (left hand)
Wands
 u - a wand of disintegration (15)
Scrolls
 e - 4 scrolls of identify {unknown}
 h - a scroll of fog {unknown}
 i - a scroll of noise {unknown}
 j - a scroll of immolation {unknown}
 l - 2 scrolls of teleportation {unknown}
 o - a scroll of magic mapping {unknown}
 q - a scroll of fear {unknown}
 t - a scroll of remove curse {unknown}
Potions
 f - a potion of curing
 k - a potion of heal wounds {unknown}
 n - a potion of mutation {unknown}
 p - a potion of might {unknown}
 s - a potion of berserk rage {unknown}
Books
 b - a book of Flames

   Spells                             Type                      Level
   a - Flame Tongue                   Conjuration/Fire             1
   b - Throw Flame                    Conjuration/Fire             2
   c - Conjure Flame                  Conjuration/Fire             3
   d - Inner Flame                    Hexes/Fire                   3
   e - Sticky Flame                   Conjuration/Fire             4
   f - Fireball                       Conjuration/Fire             5
Comestibles
 c - 3 rations
 d - 3 chunks of flesh


   Skills:
 + Level 0.8 Fighting
 + Level 3.0 Dodging
 - Level 2.4 Stealth
 + Level 4.3 Spellcasting
 * Level 3.7 Conjurations
 + Level 4.1 Fire Magic


You had 2 spell levels left.
You knew the following spells:

 Your Spells              Type           Power        Failure   Level  Hunger
a - Flame Tongue          Conj/Fire      ###..        2%          1    None
b - Throw Flame           Conj/Fire      ###...       3%          2    #......
c - Conjure Flame         Conj/Fire      ###.....     7%          3    ##.....
d - Sticky Flame          Conj/Fire      ###.....     22%         4    ####...


Dungeon Overview and Level Annotations

Branches:
Dungeon (4/15)
 Temple: D:4-7

Altars:
Cheibriados
Elyvilon
Uskayaw
Yredelemnul
Zin
The Shining One

Annotations:
D:4 Ijyb


Message History

Aim: Ijyb, wielding a dagger, wearing a ring mail and carrying a wand of disintegration (15) (moderately wounded)
The flame tongue hits Ijyb.
Ijyb is severely wounded.
Ijyb zaps a wand.
You are blasted!
* * * LOW HITPOINT WARNING * * *
It was a potion of curing.
You feel better.
Ijyb zaps a wand.
You are blasted!
* * * LOW HITPOINT WARNING * * *
A kobold comes into view. It is wielding a short sword.
Casting: Flame Tongue
Confirm with . or Enter, or press ? or * to list all spells.
Aiming: Flame Tongue
Press: ? - help, Shift-Dir - straight line, f/p - Ijyb
Aim: Ijyb, wielding a dagger, wearing a ring mail and carrying a wand of disintegration (13) (severely wounded)
The flame tongue misses Ijyb.
The kobold shouts!
The kobold throws a stone.
The stone hits you.
* * * LOW HITPOINT WARNING * * *
Ijyb zaps a wand.
You are blasted!
Ouch! That really hurt!
You die...

# # K# #. #'## .
##...# ##...# ##
##....# #
##...####.....# #
#....g§.@.....# #
.....####.....####⌠
# ##. ##.......#.
##...#### # ##..# #
##'# #### #.# #..#
#.# #..# ##.## #..#


You could see Ijyb and a kobold.

Vanquished Creatures
  A hound skeleton (D:4)
  4 adders
  2 worms
  6 dart slugs
  3 leopard geckos
  6 orcs
  8 bats
  10 giant cockroaches
  6 goblins
  9 hobgoblins
  5 jackals
  9 kobolds
  2 ball pythons (D:3)
  7 frilled lizards
  5 rats
83 creatures vanquished.

Notes
Turn   | Place    | Note
-------+----------+-------------------------------------------
     0 | D:1      | Megalobster the Deep Elf Fire Elementalist began the quest for the Orb.
     0 | D:1      | Reached XP level 1. HP: 10/10 MP: 6/6
   230 | D:1      | Reached XP level 2. HP: 15/15 MP: 5/8
   261 | D:1      | Learned a level 2 spell: Throw Flame
   680 | D:1      | Reached XP level 3. HP: 19/19 MP: 8/10
  1198 | D:2      | Learned a level 3 spell: Conjure Flame
  1439 | D:2      | Found a faded altar of an unknown god.
  1540 | D:2      | Reached XP level 4. HP: 24/24 MP: 8/11
  1720 | D:2      | Found a white marble altar of Elyvilon.
  1720 | D:2      | Found a glowing silver altar of Zin.
  1721 | D:2      | Found a glowing golden altar of the Shining One.
  2354 | D:3      | Found a hide-covered altar of Uskayaw.
  2354 | D:3      | Found a snail-covered altar of Cheibriados.
  2355 | D:3      | Found a basalt altar of Yredelemnul.
  2788 | D:3      | Reached XP level 5. HP: 28/28 MP: 10/13
  3114 | D:4      | Learned a level 4 spell: Sticky Flame
  3244 | D:4      | Noticed Ijyb
  3254 | D:4      | Blown up by Ijyb

Vault maps used:
D:1:      ncdulo_halloftheorcs
D:2:      good_gods_mini_temple, chequers_ecumenical_altar_island
D:3:      gammafunk_temple_overflow_claw, eino_tiny_chamber,
          corexii_corridor_pit, kennysheep_generic_room_12
D:4:      old_standard_altar, temple_doors_cd, serial_shops, shop,
          nicolae_shop_stone, kennysheep_mini, first_ration, grunt_ministairs_6,
          uniq_edmund, uniq_ijyb

Skill      XL: |  1  2  3  4  5 |
---------------+----------------+-----
Conjurations   | 2 3 |  3.7
Spellcasting   | 4 |  4.3
Fire Magic     | 4 |  4.1
Dodging        | 3 |  3.0
Fighting       | |  0.8
Stealth        | |  2.4

Action                   |  1- 3 |  4- 6 || total
-------------------------+-------+-------++-------
Melee: Unarmed           |    12 |       ||    12
       Short sword       |     8 |    15 ||    23
 Cast: Flame Tongue      |    67 |    72 ||   139
       Throw Flame       |     4 |     6 ||    10
       Conjure Flame     |     1 |     2 ||     3
  Use: Potion            |       |     1 ||     1
 Stab: Sleeping          |     3 |       ||     3
  Eat: Chunk             |     2 |     5 ||     7
Armor: Robe              |    12 |     3 ||    15
Dodge: Dodged            |    37 |    22 ||    59

Table legend:
 A = Spawn XP
 B = Non-spawn XP
 C = Spawn XP percentage of total XP
 D = Spawn monster count
 E = Non-spawn monster count
 F = Spawn count percentage of total count
 G = Total turns spent on level
                    A         B        C        D         E        F      G
               +---------+---------+-------+---------+---------+-------+---------
         Total |       0 |     233 |   0.0 |       0 |      83 |   0.0 |  3254
               +---------+---------+-------+---------+---------+-------+---------
           D:1 |       0 |      59 |   0.0 |       0 |      28 |   0.0 |  1120
           D:2 |       0 |      61 |   0.0 |       0 |      21 |   0.0 |   782
           D:3 |       0 |      78 |   0.0 |       0 |      27 |   0.0 |   928
           D:4 |       0 |      35 |   0.0 |       0 |       7 |   0.0 |   424
               +---------+---------+-------+---------+---------+-------+---------
